[Event "EYTCC Open U18 2018"]
[Site "Bad Blankeburg"]
[Date "2018.07.14"]
[Round "3"]
[White "Papunidi, Matvey"]
[Black "Vasiesiu, Victor"]
[Result "0-1"]
[ECO "A25"]
[WhiteElo "1913"]
[BlackElo "2295"]
[Annotator "NA"]
[PlyCount "118"]
[EventDate "2018.07.12"]
[EventType "swiss"]
[EventCountry "GER"]
[SourceTitle "playchess.com"]
[Source "ChessBase"]
[SourceQuality "1"]
[TimeControl "40/5400+30:1800+30"]

1. c4 g6 2. Nc3 Bg7 3. g3 d6 4. Bg2 e5 5. e3 Nc6 6. Nge2 Be6 7. d3 Qd7 8. Nd5 Nd8 9. O-O c6 10. Ndc3 h5 11. Ne4 h4 12. c5 dxc5 13. Nxc5 Qd6 14. Qc2 Ne7 15. Bd2 b6 16. Nxe6 Nxe6 17. Bb4 Qc7 18. Bxe7 Kxe7 19. Qxc6 Qxc6 20. Bxc6 Rac8 21. Rac1 Nc5 22. Bb5 a6 23. d4 exd4 24. exd4 axb5 25. dxc5 bxc5 26. Nc3 b4 27. Nd5+ Ke6 28. Nf4+ Kf5 29. Rfd1 hxg3 30. hxg3 Bd4 31. Nd5 Ke4 32. Nb6 Rc6 33. Nc4 Rf6 34. Rc2 g5 35. Re2+ Kf3 36. Rde1 Rfh6 37. Re3+ Bxe3 38. Rxe3+ Kg4 39. Ne5+ Kf5 40. Nxf7 Rh1+ 41. Kg2 R8h2+ 42. Kf3 g4+ 43. Ke2 Rc1 44. Nd6+ Kg6 45. Re6+ Kg7 46. Ne4 Rc2+ 47. Ke3 Rxb2 48. Rc6 Rh5 49. Nxc5 Rxa2 50. Kf4 Rxf2+ 51. Kxg4 Rh6 52. Rc7+ Rf7 53. Rc8 Rg6+ 54. Kh3 Rb6 55. Rd8 b3 56. Rd1 b2 57. Rb1 Rf2 58. Na4 Rb4 59. Nc5 Rc2 0-1

[Event "EYTCC Open U18 2018"]
[Site "Bad Blankeburg"]
[Date "2018.07.15"]
[Round "4"]
[White "Kopylov, Daniel"]
[Black "Siniauski, Artsiom"]
[Result "1/2-1/2"]
[ECO "C05"]
[WhiteElo "2272"]
[BlackElo "1967"]
[Annotator "RC"]
[PlyCount "85"]
[EventDate "2018.07.12"]
[EventType "swiss"]
[EventCountry "GER"]
[SourceTitle "playchess.com"]
[Source "ChessBase"]
[SourceQuality "1"]
[BlackTeam "Belarus"]
[BlackTeamCountry "BLR"]
[TimeControl "40/5400+30:1800+30"]

1. e4 e6 2. d4 d5 3. Nd2 Nf6 4. e5 Nfd7 5. Bd3 c5 6. c3 Nc6 7. Ne2 cxd4 8. cxd4 f6 9. exf6 Nxf6 10. Nf3 Bd6 11. O-O Qc7 12. h3 O-O 13. Nc3 a6 14. Be3 Bd7 15. Rc1 Be8 16. Qc2 Nb4 17. Qb1 Nxd3 18. Qxd3 Qb6 19. Ne5 Bb5 20. Nxb5 Qxb5 21. Qxb5 axb5 22. a3 Rfc8 23. Bf4 Bxe5 24. Bxe5 Nd7 25. Bd6 Rc4 26. b3 Rcc8 27. f3 Kf7 28. Kf2 Nf6 29. Ke3 Ke8 30. Kd3 Kd7 31. Rxc8 Rxc8 32. Be5 Ra8 33. Rc1 Ne8 34. Kc3 Rxa3 35. Kb4 Ra2 36. g4 g6 37. h4 Nd6 38. g5 Rf2 39. f4 Rf3 40. h5 gxh5 41. Rh1 Ne4 42. Rxh5 Nd2 43. Rxh7+ 1/2-1/2

[Event "EYTCC Open U18 2018"]
[Site "Bad Blankeburg"]
[Date "2018.07.16"]
[Round "5"]
[White "Horvath, Dominik"]
[Black "Gavrilescu, David"]
[Result "1/2-1/2"]
[ECO "D39"]
[WhiteElo "2429"]
[BlackElo "2451"]
[Annotator "ChessBase"]
[PlyCount "77"]
[EventDate "2018.07.12"]
[EventType "swiss"]
[EventCountry "GER"]
[SourceTitle "playchess.com"]
[Source "ChessBase"]
[SourceQuality "1"]
[TimeControl "40/5400+30:1800+30"]

1. Nf3 d5 2. d4 Nf6 3. c4 e6 4. Nc3 Bb4 5. Bg5 dxc4 6. e4 h6 7. Bxf6 Qxf6 8. Qa4+ Nc6 9. Bxc4 Bd7 10. Bb5 Bxc3+ 11. bxc3 Qg6 12. O-O Qxe4 13. Rfe1 Qf4 14. d5 Qxa4 15. Bxa4 Nd8 16. Bxd7+ Kxd7 17. dxe6+ Nxe6 18. Ne5+ Ke7 19. Rab1 Rhd8 20. Rxb7 Rd6 21. Rb4 Rad8 22. g3 f6 23. Ng4 Kf7 24. Ne3 R8d7 25. Ra4 a6 26. h4 h5 27. Ra5 g6 28. Rb1 Rc6 29. Rb8 Nc5 30. Rb4 Rdd6 31. Rc4 Nb7 32. Raa4 Nc5 33. Ra5 Nb7 34. Rxc6 Rxc6 35. Ra4 a5 36. Nd5 Rc5 37. Rd4 Nd6 38. Nxc7 Rxc7 39. Rxd6 1/2-1/2

[Event "EYTCC Open U18 2018"]
[Site "Bad Blankeburg"]
[Date "2018.07.16"]
[Round "5"]
[White "Martin, Julian"]
[Black "Teclaf, Pawel"]
[Result "1/2-1/2"]
[ECO "C11"]
[WhiteElo "2415"]
[BlackElo "2399"]
[Annotator "ChessBase"]
[PlyCount "64"]
[EventDate "2018.07.12"]
[EventType "swiss"]
[EventCountry "GER"]
[SourceTitle "playchess.com"]
[Source "ChessBase"]
[SourceQuality "1"]
[TimeControl "40/5400+30:1800+30"]

1. e4 e6 2. d4 d5 3. Nc3 Nf6 4. e5 Nfd7 5. f4 c5 6. Nf3 Nc6 7. Be3 a6 8. Qd2 b5 9. a3 Qa5 10. dxc5 Bxc5 11. Bxc5 Nxc5 12. Nd4 Qb6 13. b4 Nd3+ 14. Qxd3 Nxd4 15. Rd1 Nc6 16. Qg3 O-O 17. Bd3 f6 18. exf6 Rxf6 19. Ne2 Bd7 20. Qf2 Qxf2+ 21. Kxf2 e5 22. g3 g5 23. c4 bxc4 24. Bxc4 dxc4 25. Rxd7 exf4 26. gxf4 Ne5 27. Rd4 gxf4 28. Nxf4 Kh8 29. Ke2 Raf8 30. Rf1 c3 31. Re4 Rf5 32. Rc1 Rxf4 1/2-1/2

[Event "EYTCC Open U18 2018"]
[Site "Bad Blankeburg"]
[Date "2018.07.16"]
[Round "5"]
[White "Badelka, Olga"]
[Black "Amon, Nejc"]
[Result "1-0"]
[ECO "A18"]
[WhiteElo "2407"]
[BlackElo "2295"]
[Annotator "ChessBase"]
[PlyCount "67"]
[EventDate "2018.07.12"]
[EventType "swiss"]
[EventCountry "GER"]
[SourceTitle "playchess.com"]
[Source "ChessBase"]
[SourceQuality "1"]
[TimeControl "40/5400+30:1800+30"]

1. c4 Nf6 2. Nc3 e6 3. e4 d5 4. e5 d4 5. exf6 dxc3 6. bxc3 Qxf6 7. Nf3 b6 8. d4 Bb7 9. Be2 h6 10. Rb1 Qg6 11. Bf4 Be4 12. Qa4+ Bc6 13. Qb3 Bd6 14. Bg3 Nd7 15. O-O O-O 16. Rbd1 e5 17. Nh4 Qf6 18. Bg4 exd4 19. cxd4 Qg5 20. Bf3 Bxf3 21. Qxf3 Qa5 22. Bxd6 cxd6 23. Nf5 Kh7 24. Nxd6 Nf6 25. a3 Qa4 26. c5 bxc5 27. dxc5 Qa5 28. Rc1 Rab8 29. c6 Qc7 30. Nb5 Qb6 31. c7 Rbc8 32. Qc6 Ne8 33. Qxb6 axb6 34. Rfd1 1-0

[Event "EYTCC Open U18 2018"]
[Site "Bad Blankeburg"]
[Date "2018.07.16"]
[Round "5"]
[White "Schmidek, Emil"]
[Black "Gorshtein, Ido"]
[Result "1-0"]
[ECO "B12"]
[WhiteElo "2376"]
[BlackElo "2382"]
[Annotator "NA"]
[PlyCount "73"]
[EventDate "2018.07.12"]
[EventType "swiss"]
[EventCountry "GER"]
[SourceTitle "playchess.com"]
[Source "ChessBase"]
[SourceQuality "1"]
[TimeControl "40/5400+30:1800+30"]

1. e4 c6 2. d4 d5 3. e5 Bf5 4. Nf3 e6 5. Be2 Bb4+ {[%emt 0:00:00] B12: Caro-Kann: Advance Variation} 6. c3 Ba5 7. O-O Nd7 8. Nbd2 Bc7 {[%emt 0:00:02] LiveBook: 18 Games} 9. Ne1 f6 $146 ({Predecessor:} 9... Ne7 10. Nd3 O-O 11. Nf3 h6 12. Nf4 c5 13. h3 cxd4 14. cxd4 {0-1 (50) Grischuk,A (2747)-Andreikin,D (2743) ICC INT 2016}) 10. f4 Ne7 11. h4 ({Better is} 11. Bh5+ $14 Kf8 12. g4) 11... fxe5 12. fxe5 Ng6 13. Ndf3 Nxh4 14. Bg5 Nxf3+ 15. Nxf3 Qc8 16. Nh4 O-O $16 17. Nxf5 Rxf5 18. Rxf5 exf5 19. Qd3 Nxe5 20. dxe5 Qe6 21. Bf4 Re8 22. c4 g5 23. cxd5 cxd5 24. Bf3 Bb6+ 25. Be3 Bxe3+ 26. Qxe3 g4 27. Bd1 Qxe5 28. Qxe5 Rxe5 29. Bb3 Kf7 30. Kf2 Kg6 31. Rd1 Kg5 32. Rxd5 Re7 33. Bc2 Rf7 34. g3 h5 35. a4 h4 36. gxh4+ Kf4 37. h5 1-0

[Event "EYTCC Open U18 2018"]
[Site "Bad Blankeburg"]
[Date "2018.07.16"]
[Round "5"]
[White "Morgunov, Marc"]
[Black "Stoleriu, George"]
[Result "0-1"]
[ECO "B11"]
[WhiteElo "2362"]
[BlackElo "2347"]
[Annotator "NA"]
[PlyCount "34"]
[EventDate "2018.07.12"]
[EventType "swiss"]
[EventCountry "GER"]
[SourceTitle "playchess.com"]
[Source "ChessBase"]
[SourceQuality "1"]
[TimeControl "40/5400+30:1800+30"]

1. e4 c6 2. Nc3 d5 3. Nf3 Bg4 4. h3 Bh5 5. exd5 cxd5 6. Bb5+ Nc6 7. g4 Bg6 8. Ne5 Rc8 9. d4 e6 $1 10. h4 f6 {[%emt 0:00:07] LiveBook: 93 Games} 11. h5 {[%emt 0:09:23] B11: Caro-Kann: Two Knights Variation} (11. Bxc6+ bxc6 12. Nxg6 hxg6 13. Qd3 Kf7 14. Be3 Bd6 15. O-O-O Ne7 16. Ne2 Qa5 17. Kb1 Qb5 18. Qd2 Rb8 {0-1 (36) Fressinet,L (2662)-Kovalenko,I (2639) Katowice 2017}) 11... Bxc2 12. Qxc2 (12. Bxc6+ $11 bxc6 13. Qxc2 fxe5 14. dxe5) 12... fxe5 13. dxe5 Bb4 14. a3 Bxc3+ 15. Qxc3 Nh6 $146 ({Predecessor:} 15... Qb6 16. Ba4 Nge7 17. Bd2 O-O 18. f4 Nd4 19. Qd3 Rc4 20. b3 Nc2+ 21. Ke2 Re4+ 22. Kf3 Nxa1 23. Rxa1 g5 24. Be3 Rxe3+ 25. Qxe3 Rxf4+ {0-1 (25) Andreev,D (1937)-Bakalov,M (1774) Sofia 2017}) 16. f3 O-O 17. O-O $19 (17. Bd2 $17 {is more resistant.}) 17... Qb6+ 0-1

[Event "EYTCC Open U18 2018"]
[Site "Bad Blankeburg"]
[Date "2018.07.16"]
[Round "5"]
[White "Bronstein, Or"]
[Black "Buckels, Valentin"]
[Result "0-1"]
[ECO "A17"]
[WhiteElo "2350"]
[BlackElo "2353"]
[Annotator "NA"]
[PlyCount "78"]
[EventDate "2018.07.12"]
[EventType "swiss"]
[EventCountry "GER"]
[SourceTitle "playchess.com"]
[Source "ChessBase"]
[SourceQuality "1"]
[TimeControl "40/5400+30:1800+30"]

1. Nf3 Nf6 2. c4 e6 3. Nc3 Bb4 4. Qc2 d6 5. a3 Bxc3 6. Qxc3 e5 7. g3 b6 8. Bg2 Bb7 9. O-O O-O 10. b4 a5 11. Bb2 Nbd7 12. d3 Qe7 13. e4 {[%emt 0:00:26] A17: English Opening: 1...Nf6 with ...Bb4} axb4 14. axb4 Rxa1 15. Bxa1 c5 $146 ({Predecessor:} 15... c6 16. Nh4 d5 17. Nf5 Qe6 18. f4 Re8 19. Qd2 dxe4 20. dxe4 c5 21. fxe5 Nxe5 22. Qg5 g6 23. Nh6+ Kg7 24. Rxf6 Qxf6 25. Nf5+ {1-0 (25) Iskusnyh,S (2440)-Krishilovsky,A (2150) Novgorod 1997}) 16. Nh4 g6 {[%emt 0:07:00] [#]} 17. f4 (17. b5 $1 $16) 17... Nh5 18. Bh3 cxb4 19. Qxb4 Nc5 (19... exf4 $11 {bleibt in der Remisbreite.} 20. Bxd7 Qxd7) 20. Qc3 Nxf4 21. Rxf4 Na4 22. Qc2 exf4 23. Qxa4 fxg3 24. Ng2 $2 (24. hxg3 $11 {and White stays safe.} Ra8 25. Qd1) 24... Qg5 25. Qc2 Qc5+ 26. Kh1 Qh5 27. Qc3 f6 28. Be6+ Kg7 29. h4 Qd1+ 30. Qe1 Qxd3 31. Kg1 Bxe4 32. Bd5 Re8 33. Qf1 Qxf1+ 34. Kxf1 Bxd5 35. cxd5 Re4 36. Ne1 Rxh4 37. Kg2 Ra4 38. Bb2 Re4 39. Nd3 $19 Re2+ 0-1

[Event "EYTCC Open U18 2018"]
[Site "Bad Blankeburg"]
[Date "2018.07.16"]
[Round "5"]
[White "Iliaguev, Nisim"]
[Black "Roseneck, Jonas"]
[Result "1/2-1/2"]
[ECO "E04"]
[WhiteElo "2335"]
[BlackElo "2182"]
[Annotator "NA"]
[PlyCount "138"]
[EventDate "2018.07.12"]
[EventType "swiss"]
[EventCountry "GER"]
[SourceTitle "playchess.com"]
[Source "ChessBase"]
[SourceQuality "1"]
[TimeControl "40/5400+30:1800+30"]

1. d4 Nf6 2. c4 e6 3. g3 d5 4. Nf3 dxc4 5. Bg2 a6 6. a4 Nc6 7. O-O Rb8 8. a5 {[%emt 0:18:30] LiveBook: 36 Games} Bb4 {[%emt 0:24:57] E04: Open Catalan: 5 Nf3} 9. Qc2 O-O 10. Qxc4 Qd5 11. Qxd5 exd5 12. Bf4 Ne8 $146 ({Predecessor:} 12... Bf5 13. Bxc7 Rbc8 14. Bb6 Rfe8 15. e3 Bd3 16. Bh3 Bxf1 17. Bxc8 {0-1 (57) Konev,V (2016)-Dorer,M (2372) ICCF email 2013}) 13. Bd2 Bd6 14. Rc1 Ne7 15. Nc3 c6 16. e4 dxe4 17. Nxe4 Nd5 18. Ne5 Be7 19. Nc5 Nef6 20. Bxd5 cxd5 21. Bb4 Re8 22. Ncd3 Bxb4 23. Nxb4 Be6 24. Nbd3 Rec8 25. Nc5 Ne4 26. b4 Nd6 27. Rd1 Rc7 28. f3 Re8 29. Re1 Bf5 30. g4 Bg6 31. Ned7 f6 32. Nb6 Rxe1+ 33. Rxe1 Bf7 34. Kf2 Nb5 35. Rd1 Re7 36. Rd2 Na7 37. Rc2 h6 38. h3 h5 39. gxh5 Nc6 40. Nxa6 Nxd4 41. Rd2 Nb3 42. Rd3 Nxa5 43. Nxd5 Re5 44. Nac7 Nc4 {[%emt 0:03:29] [#]} 45. h6 $1 Rh5 46. hxg7 Rxh3 47. Kg2 Ne5 48. Ra3 Rh4 {[%emt 0:03:04] [#]} 49. Ne7+ $1 ({Stronger than} 49. Nxf6+ Kxg7 50. Nfe8+ Bxe8 $11) 49... Kh7 50. Ra8 $18 Rxb4 51. g8=Q+ Bxg8 52. Nxg8 Rb2+ 53. Kg3 Rb3 54. Nxf6+ Kg6 55. Nfd5 Rxf3+ 56. Kg2 Rb3 57. Rf8 Rb2+ 58. Kh3 Rb3+ 59. Kh4 Nf3+ 60. Kg3 Ne5+ 61. Kf2 b5 62. Rf6+ Kh7 63. Rb6 b4 64. Ke2 Rb2+ 65. Kd1 b3 66. Nc3 Rd2+ 67. Kxd2 Nc4+ 68. Kc1 Nxb6 69. Kb2 Kg6 1/2-1/2

[Event "EYTCC Open U18 2018"]
[Site "Bad Blankeburg"]
[Date "2018.07.16"]
[Round "5"]
[White "Subelj, Jan"]
[Black "Nikitenko, Mihail"]
[Result "1-0"]
[ECO "C84"]
[WhiteElo "2327"]
[BlackElo "2371"]
[Annotator "NA"]
[PlyCount "105"]
[EventDate "2018.07.12"]
[EventType "swiss"]
[EventCountry "GER"]
[SourceTitle "playchess.com"]
[Source "ChessBase"]
[SourceQuality "1"]
[TimeControl "40/5400+30:1800+30"]

1. e4 e5 2. Nf3 Nc6 3. Bb5 a6 4. Ba4 Nf6 5. O-O Be7 6. d3 b5 7. Bb3 d6 8. a3 O-O 9. Nc3 Bg4 10. Be3 Nd4 {[%emt 0:00:04] C84: Closed Ruy Lopez: Unusual White 6th moves} 11. Bxd4 exd4 12. Nd5 Nxd5 13. Bxd5 Rc8 14. h3 {[%emt 0:48:26] LiveBook: 7 Games} (14. a4 c6 15. Bb3 d5 16. h3 Bh5 17. axb5 axb5 18. exd5 {1-0 (47) Karjakin,S (2782)-Aronian,L (2764) Paris 2018}) 14... Bxf3 15. Qxf3 c6 16. Bb3 Qb6 $146 ({Predecessor:} 16... c5 17. Bd5 c4 18. a4 {1-0 (30) Fogarasi,T (2456)-Hajnal,Z (2357) Budapest 2000}) 17. a4 c5 18. axb5 axb5 19. Bd5 c4 20. Ra2 cxd3 21. cxd3 Qc5 22. Rfa1 Bf6 23. Ra7 Qc2 24. b3 Rc3 25. Qf5 Rc7 26. g3 h6 27. Kg2 Qc5 28. Rxc7 Qxc7 29. Ra6 Rd8 30. Rc6 Qa7 31. Rc8 Qe7 32. Rxd8+ Qxd8 33. Bc6 b4 34. Qb5 Qc8 35. Bd5 h5 36. Qxb4 h4 37. Qxd6 hxg3 38. Qxg3 Qd8 39. b4 Qe7 40. b5 Be5 41. Qg4 Bc7 42. Qc8+ Kh7 43. Qf5+ Kg8 44. f4 Ba5 45. Qc8+ Kh7 46. Qf5+ Kg8 47. e5 Qc7 48. Kf3 Qe7 49. Ke4 Bd8 50. e6 $18 Qh4 51. exf7+ Kf8 52. Qe6 Qh7+ 53. Kxd4 1-0

[Event "EYTCC Open U18 2018"]
[Site "Bad Blankeburg"]
[Date "2018.07.16"]
[Round "5"]
[White "Urban, Konstantin"]
[Black "Parkhov, Yair"]
[Result "0-1"]
[ECO "B15"]
[WhiteElo "2325"]
[BlackElo "2364"]
[Annotator "NA"]
[PlyCount "136"]
[EventDate "2018.07.12"]
[EventType "swiss"]
[EventCountry "GER"]
[SourceTitle "playchess.com"]
[Source "ChessBase"]
[SourceQuality "1"]
[TimeControl "40/5400+30:1800+30"]

1. e4 c6 2. d4 d5 3. Nd2 dxe4 4. Nxe4 Nf6 5. Nxf6+ exf6 6. c3 Bd6 7. Bd3 O-O 8. Qc2 Re8+ {B15: Caro-Kann: 3 Nc3: 3...g6 and 3...dxe4 4 Nxe4 Nf6 5 Nxf6+ exf6} 9. Ne2 h5 (9... g6 10. h4 Nd7 11. h5 Nf8 12. Be3 Be6 13. O-O-O a5 14. Kb1 a4 15. hxg6 fxg6 16. c4 Bf7 17. Nc3 a3 18. b3 f5 {0-1 (29) Saric,I (2669)-Jobava,B (2690) Riadh 2017}) 10. Be3 Nd7 11. O-O-O Nf8 {[%emt 0:00:15] LiveBook: 9 Partien} 12. Kb1 Be6 13. Nf4 Bxf4 14. Bxf4 Ng6 $146 ({Predecessor:} 14... b5 15. Be4 Bd5 16. Rhe1 Bxe4 17. Rxe4 {0-1 (52) Abrahamyan,T (2364)-Krush,I (2444) Saint Louis 2017}) 15. Be3 Qd5 16. c4 Qd7 17. Ka1 Ne7 18. h3 b5 19. cxb5 cxb5 20. Qc5 Qd5 21. Qxd5 Bxd5 22. Bxb5 Reb8 23. Be2 Bxg2 24. Rhg1 Be4 25. Bxh5 Nc6 26. Rc1 Nb4 27. Be2 a5 28. Bd1 Rb7 29. Bd2 Nd3 30. Bc2 Nxf2 31. Rcf1 Bxc2 32. Rxf2 Bg6 33. h4 Rb5 34. Rc1 Rd5 35. Rf4 Rad8 36. b3 a4 37. Rc4 axb3 38. axb3 Bd3 39. Rc5 Rxd4 40. Rc8 R4d7 41. Rxd8+ Rxd8 42. Bc3 Rc8 43. Kb2 f5 44. Rd4 Be4 45. b4 Rb8 46. Kc1 f6 47. Kd2 Kh7 48. Rd7 Kh6 49. Ke1 Rb6 50. Kf2 g5 51. Bd4 Ra6 52. b5 Ra2+ 53. Ke3 gxh4 $17 54. b6 h3 55. b7 Ra3+ 56. Kf2 Rb3 57. Rd8 Bxb7 58. Rh8+ Kg7 59. Rh4 Bg2 60. Be3 Rb2+ 61. Kg1 Re2 62. Bf4 Re8 63. Kf2 Re4 64. Kg1 Kf7 65. Kf2 Ke6 66. Kg3 Rc4 67. Rh8 Rc3+ 68. Kf2 Rf3+ 0-1

[Event "EYTCC Open U18 2018"]
[Site "Bad Blankeburg"]
[Date "2018.07.16"]
[Round "5"]
[White "Vasiesiu, Victor"]
[Black "Morgunov, Daniel"]
[Result "1-0"]
[ECO "C54"]
[WhiteElo "2295"]
[BlackElo "2346"]
[Annotator "NA"]
[PlyCount "71"]
[EventDate "2018.07.12"]
[EventType "swiss"]
[EventCountry "GER"]
[SourceTitle "playchess.com"]
[Source "ChessBase"]
[SourceQuality "1"]
[TimeControl "40/5400+30:1800+30"]

1. e4 e5 2. Nf3 Nc6 3. Bc4 Bc5 4. c3 Nf6 5. d3 a6 6. h3 Ba7 7. Bb3 d6 8. Nbd2 O-O 9. Nf1 Be6 {[%emt 0:07:02] C54: Giuoco Piano: 4 c3 Nf6, main lines with 5 d4 and 5 d3} (9... Ne7 10. Ng3 Ng6 11. O-O h6 12. d4 Re8 13. Re1 b5 14. Be3 Bb7 15. Bc2 exd4 16. Nxd4 d5 17. Nb3 Bxe3 18. Rxe3 {½-½ (55) Miton,K (2584)-Bacrot,E (2725) Riadh 2017}) 10. Ng3 Bxb3 11. axb3 h6 12. O-O d5 13. Qe2 Qd7 {[%emt 0:02:23] LiveBook: 3 Partien} 14. Nh4 Rad8 15. Nh5 Qe6 $146 ({Predecessor:} 15... Nxh5 16. Qxh5 dxe4 17. dxe4 {0-1 (64) Van Weersel,A (2233)-Genba,V (2429) Pardubice 2008}) 16. Nxf6+ Qxf6 17. Nf5 Ne7 18. Nxe7+ Qxe7 19. b4 Qd7 20. Ra5 Qe6 21. Re1 Rfe8 22. exd5 Rxd5 23. Rxd5 Qxd5 24. d4 e4 25. Bf4 c6 26. Qg4 Re6 27. Re3 f5 28. Qh5 Re7 29. Rg3 Qf7 30. Qxh6 Kf8 31. Qd6 Ke8 32. Bg5 Rd7 33. Qe5+ Kf8 34. Bh6 Qe8 35. Bxg7+ Kf7 36. Qf6+ 1-0

[Event "EYTCC Open U18 2018"]
[Site "Bad Blankeburg"]
[Date "2018.07.16"]
[Round "5"]
[White "Stevanic, David"]
[Black "Siniauski, Artsiom"]
[Result "1-0"]
[ECO "C11"]
[WhiteElo "2253"]
[BlackElo "1967"]
[Annotator "NA"]
[PlyCount "149"]
[EventDate "2018.07.12"]
[EventType "swiss"]
[EventCountry "GER"]
[SourceTitle "playchess.com"]
[Source "ChessBase"]
[SourceQuality "1"]
[BlackTeam "Belarus"]
[BlackTeamCountry "BLR"]
[TimeControl "40/5400+30:1800+30"]

1. e4 e6 2. d4 d5 3. Nc3 Nf6 4. e5 Nfd7 5. f4 c5 6. Nf3 Nc6 7. Be3 a6 8. Qd2 b5 9. Nd1 Qb6 10. Be2 cxd4 {[%emt 0:07:24] C11: Französische Verteidigung} 11. Nxd4 Bc5 (11... Nxd4 12. Bxd4 Bc5 13. c3 b4 14. O-O a5 15. Bg4 O-O 16. Ne3 Ba6 17. Rfe1 g6 18. Nxd5 exd5 19. Bxd7 {0-1 (43) Ponomariov,R (2712)-Wang,H (2717) Huaian 2016}) 12. c3 Bb7 13. O-O b4 14. Kh1 bxc3 15. bxc3 Na5 $146 ({Vorgänger:} 15... O-O $11 16. Nb2 Qa5 17. Qc2 Rac8 18. Nb3 Qa3 19. Bc1 Be7 20. Bd3 f5 21. Qe2 Na5 22. Nc4 Nxb3 23. Bxa3 Bxa3 24. axb3 dxc4 25. Bxc4 {1-0 (25) Ponkratov,P (2593)-Papayan,O (2285) Khanty-Mansiysk 2011}) 16. Nb2 O-O 17. Rf3 Bc6 18. Rh3 Rab8 19. Nd1 Nc4 20. Bxc4 dxc4 21. Qc2 h6 22. f5 exf5 23. Nxf5 Bxe3 24. Rxe3 Nc5 25. Qe2 Bd7 26. Nd6 Be6 27. Nxc4 Bxc4 28. Qxc4 Ne6 29. Re1 Rfc8 30. Qg4 Rc5 31. Qg3 Rbc8 32. Rc1 Qa5 33. h3 Qxa2 34. Nf2 Rxc3 35. Rxc3 Rxc3 36. Qxc3 Qxf2 37. Rc1 Nd4 38. Qc8+ Kh7 39. Qxa6 Qe3 40. Rd1 Ne6 41. Qd3+ Qxd3 42. Rxd3 Ng5 43. Rd7 Kg8 44. Rd8+ Kh7 45. Rf8 g6 46. h4 Kg7 47. Re8 $2 (47. hxg5 Kxf8 48. gxh6) 47... Ne6 48. g4 Nc7 49. Re7 Nd5 50. Rd7 Nf4 51. Kh2 Ne6 52. Kg3 Nc5 53. Ra7 Ne6 54. Kf3 Nc5 55. Ke3 Kf8 56. Kd4 Ne6+ 57. Ke4 Nc5+ 58. Kd5 $18 Ne6 59. Ra8+ Kg7 60. Ra4 Kf8 61. Kd6 g5 62. h5 Nf4 63. Ra8+ Kg7 64. Rc8 Ne6 65. Ke7 Nf4 66. Rd8 Ne6 67. Rd7 Nc5 68. Rd6 Ne4 69. Rf6 Nxf6 70. exf6+ Kg8 71. Ke8 Kh8 72. Kxf7 Kh7 73. Ke7 Kh8 74. f7 Kh7 75. f8=R 1-0

[Event "EYTCC Open U18 2018"]
[Site "Bad Blankeburg"]
[Date "2018.07.17"]
[Round "6"]
[White "Gavrilescu, David"]
[Black "Vogel, Roven"]
[Result "1-0"]
[ECO "B13"]
[WhiteElo "2451"]
[BlackElo "2467"]
[Annotator "ChessBase"]
[PlyCount "99"]
[EventDate "2018.07.12"]
[EventType "swiss"]
[EventCountry "GER"]
[SourceTitle "playchess.com"]
[Source "ChessBase"]
[SourceQuality "1"]
[TimeControl "40/5400+30:1800+30"]

1. e4 c6 2. d4 d5 3. exd5 cxd5 4. Bd3 Nc6 5. c3 Nf6 6. Bf4 Bg4 7. Qb3 e5 8. h3 Na5 9. Qc2 exf4 10. hxg4 Nxg4 11. Qe2+ Qe7 12. Nh3 f3 13. gxf3 Nf6 14. Nd2 O-O-O 15. Qxe7 Bxe7 16. Nf1 g6 17. Ne3 Bd6 18. Kd2 Nc6 19. b4 Rd7 20. a4 Ne7 21. a5 Nh5 22. Ng5 f6 23. Nf7 Rf8 24. Nxd6+ Rxd6 25. Nf5 Nxf5 26. Bxf5+ Kb8 27. Bg4 Nf4 28. Rxh7 Re8 29. Re1 Rdd8 30. Bd7 Rxe1 31. Kxe1 a6 32. Kd2 Kc7 33. Ba4+ Kb8 34. Rh4 g5 35. Rh7 Rd6 36. Bd7 Ng2 37. Rh8+ Ka7 38. Rh7 Kb8 39. Kd1 Nf4 40. Kc2 Ng2 41. Kb3 Ne1 42. b5 axb5 43. Kb4 Nd3+ 44. Kxb5 Nf4 45. Kc5 Ra6 46. Bb5 Re6 47. Rf7 Re1 48. Rxf6 Rc1 49. Kb6 Rxc3 50. Rf7 1-0

[Event "EYTCC Open U18 2018"]
[Site "Bad Blankeburg"]
[Date "2018.07.17"]
[Round "6"]
[White "Lagunow, Raphael"]
[Black "Vasiesiu, Victor"]
[Result "1/2-1/2"]
[ECO "B47"]
[WhiteElo "2411"]
[BlackElo "2295"]
[Annotator "NA RC"]
[PlyCount "100"]
[EventDate "2018.07.12"]
[EventType "swiss"]
[EventCountry "GER"]
[SourceTitle "playchess.com"]
[Source "ChessBase"]
[SourceQuality "1"]
[TimeControl "40/5400+30:1800+30"]

1. e4 c5 2. Nf3 e6 3. d4 cxd4 4. Nxd4 Nc6 5. Nc3 Qc7 6. Qd3 {[%emt 0:00:15] B47: Sicilian: Taimanov: 5 Nc3 Qc7 6 f4, 6 g3 and 6 Be2} (6. Be3 a6 7. Qf3 Nf6 8. O-O-O Ne5 9. Qg3 b5 10. a3 Bb7 11. Bxb5 Rc8 12. Ba4 Nxe4 13. Nxe4 Bxe4 14. Bf4 Qc4 15. Bxe5 Qxa4 {1-0 (38) Vachier Lagrave,M (2789)-Anand,V (2776) Karlsruhe/Baden-Baden 2018}) 6... Nxd4 7. Qxd4 a6 8. Be3 Ne7 9. O-O-O Nc6 10. Qb6 Qxb6 11. Bxb6 d6 $146 ({Predecessor:} 11... Be7 12. f4 O-O 13. Be2 f5 14. e5 g5 15. g3 {1-0 (27) Jasny,S (2347)-Varejcko,J (2267) Czechia 2010}) 12. f4 g5 13. fxg5 h6 14. g6 fxg6 15. g3 Ne5 16. Be2 Be7 17. h4 Bd7 18. Kb1 Rc8 19. Bd4 Bf6 20. Rhf1 Ke7 21. Bd3 Rhf8 22. Ne2 g5 23. hxg5 hxg5 24. Bc3 Nxd3 25. cxd3 Bxc3 26. Nxc3 Rxf1 27. Rxf1 Rh8 28. Rf2 Rh3 29. Rf3 Rh2 30. a4 a5 31. Ka2 Rg2 32. Ka3 g4 33. Re3 Rf2 34. b4 Rf3 35. Rxf3 $1 gxf3 36. Nd1 Kf6 37. d4 Bc6 38. Nf2 $15 b6 39. b5 Be8 40. Kb2 Bg6 41. Kc3 d5 42. e5+ Kg5 43. Kb2 Bh7 44. Kc1 Bf5 45. Kb2 Bh3 46. Kc3 Bf1 47. Kd2 Bc4 48. Kc3 Kf5 49. Kc2 Be2 50. Kd2 Kg5 1/2-1/2